AoeStats
← KiNG_ALPA

Arena

504596179Analyzed
1v1 RM · 27d ago on Sep 5, 2026· 36m 39s· 2 players
Game mode
Random Map
Map size
Tiny (2 player)
Population
200
Speed
Normal
Resources
Standard
Victory
Conquest
Starting age
Dark Age
Ending age
Imperial Age
RankedLock teamsTeams togetherTeam positionsShared explorationLock speedFull tech treeHidden civsTurbo modeCheats
Victory
Defeat
🇩🇪 Spanish · Germany
875
+18
🇬🇷 Celts · Greece
920
-18
zAK-47
12:10 Feudal Age
15:53 Castle Age
14:17 Horse Collar
14:32 Double-Bit Axe
15:45 Loom
KiNG_ALPA
14:10 Feudal Age
17:45 Castle Age
16:16 Loom
26:38 Wheelbarrow
30:41 Imperial Age
Connection lost

Rejoining the realm…

Still unreachable

The connection could not be restored.

Session expired

The server has moved on; the page needs a fresh start.